 Dungeon Crawl Stone Soup version 0.22-a0-580-gd5db89c09a (webtiles) character file.

285 Kholdaimon the Slasher (level 6, -4/47 HPs)
             Began as a Merfolk Gladiator on July 3, 2018.
             Slain by a gnoll
             ... wielding a +0 flail
              (8 damage)
             ... on level 4 of the Dungeon.
             The game lasted 00:12:20 (3516 turns).

Kholdaimon the Slasher (Merfolk Gladiator)          Turns: 3516, Time: 00:12:21

Health: -4/47      AC:  4    Str: 14    XL:     6   Next: 29%
Magic:  6/6        EV: 15    Int: 10    God:
Gold:   246        SH:  0    Dex: 15    Spells: 5/5 levels left

rFire    . . .     SeeInvis .   a - +0 long sword
rCold    . . .     Gourm    .   (no shield)
rNeg     . . .     Faith    .   b - +0 leather armour
rPois    .         Spirit   .   c - +0 helmet
rElec    .         Reflect  .   (no cloak)
rCorr    .         Harm     .   (no gloves)
MR       .....                  (no boots)
Stlth    +.........             (no amulet)
HPRegen  0.15/turn              (no ring)
MPRegen  0.10/turn              (no ring)

@: no status effects
A: change form in water, swift swim, stealthy swim
a: no special abilities


You were on level 4 of the Dungeon.
You were hungry.

You visited 1 branch of the dungeon, and saw 4 of its levels.

You collected 246 gold pieces.

Inventory:

Hand Weapons
 a - a +0 long sword (weapon)
 g - a +2 dagger of venom
 m - a cursed -2 hand axe
 w - a +0 hunting sling
 z - a +0 hunting sling
 I - a +0 trident of freezing
Missiles
 d - 3 throwing nets
 l - 134 stones
 s - 18 sling bullets
 u - 4 tomahawks (quivered)
 G - 2 needles of sleeping
Armour
 b - a +0 leather armour (worn)
 c - a +0 helmet (worn)
 n - a +0 ring mail
 r - a +0 cloak
 x - a cursed +0 scale mail
 B - a cursed +0 ring mail
 D - a +0 ring mail
 J - a +0 ring mail
Jewellery
 C - an uncursed ring of protection from fire {unknown}
 F - an uncursed amulet of rage {unknown}
Scrolls
 e - 4 scrolls of teleportation {unknown}
 i - 4 scrolls of identify {unknown}
 j - a scroll of amnesia {unknown}
 k - 3 scrolls of remove curse {unknown}
 p - a scroll of immolation {unknown}
 q - a scroll of random uselessness {unknown}
 t - a scroll of enchant armour {unknown}
 y - a scroll of magic mapping {unknown}
 E - 2 scrolls of enchant weapon {unknown}
Potions
 o - a potion of heal wounds
 v - a potion of brilliance {unknown}
 A - a potion of lignification {unknown}
 H - 2 potions of curing
Comestibles
 f - 11 rations


   Skills:
 - Level 3.1 Fighting
 * Level 6.1 Long Blades
 - Level 2.0 Throwing
 + Level 5.9 Dodging


You had 5 spell levels left.
You didn't know any spells.
Your spell library was empty.

Dungeon Overview and Level Annotations

Branches:
Dungeon (4/15)
 Temple: D:4-7

Altars:
Kikubaaqudgha
Qazlal

Annotations:
D:3 1 runed door, kaisn's ghost, amateur HOFi


Message History

You kill the gnoll!
The gnoll hits you with a flail.
* * * LOW HITPOINT WARNING * * *
You hit the gnoll.
The gnoll is moderately wounded.
The gnoll barely misses you.
You hit the gnoll.
The gnoll is moderately wounded.
The gnoll completely misses you.
You hit the gnoll.
The gnoll is heavily wounded.
The gnoll misses you.
You hit the gnoll.
The gnoll is heavily wounded.
The gnoll hits you with a flail!
* * * LOW HITPOINT WARNING * * *
You barely miss the gnoll.
The gnoll is heavily wounded.
The gnoll hits you with a flail!
You die...

#.. ## .. .#
#.# #.# )#...
#..##.#.#
....... .(#.#
####g..# #
#..@)..#
#.#.#...## #
#...#...##.###
##...).........
##.#...##.##..
#.#<.....#
#.##.#####
#.........#
#####.###.#


You could see a gnoll.

Vanquished Creatures
  A vampire bat (D:2)
  An orc wizard (D:3)
  2 worker ants (D:4)
  2 gnolls (D:4)
  4 adders
  An ooze (D:1)
  5 worms
  2 dart slugs
  2 leopard geckos (D:2)
  11 orcs (D:3)
  5 bats
  A bat skeleton (D:2)
  4 bat zombies (D:2)
  3 giant cockroaches
  11 goblins
  11 hobgoblins
  2 jackals (D:3)
  6 kobolds
  A quokka (D:4)
  2 frilled lizards
  A jackal skeleton (D:4)
  3 rats
81 creatures vanquished.

Notes
Turn   | Place    | Note
-------+----------+-------------------------------------------
     0 | D:1      | Kholdaimon the Merfolk Gladiator began the quest for the Orb.
     0 | D:1      | Reached XP level 1. HP: 16/16 MP: 1/1
   153 | D:1      | Reached XP level 2. HP: 22/23 MP: 2/2
   778 | D:1      | Reached skill level 4 in Long Blades
   778 | D:1      | Reached XP level 3. HP: 28/28 MP: 3/3
  1141 | D:2      | Found an ancient bone altar of Kikubaaqudgha.
  1156 | D:2      | Reached XP level 4. HP: 32/35 MP: 4/4
  1375 | D:2      | Found a faded altar of an unknown god.
  1401 | D:2      | Reached skill level 5 in Dodging
  1586 | D:2      | Reached skill level 5 in Long Blades
  1586 | D:2      | Reached XP level 5. HP: 37/41 MP: 5/5
  2132 | D:3      | Found a runed door.
  2135 | D:3      | Noticed kaisn's ghost (amateur HOFi)
  2941 | D:3      | Found a stormy altar of Qazlal.
  3218 | D:4      | Reached XP level 6. HP: 35/47 MP: 6/6
  3251 | D:4      | Reached skill level 6 in Long Blades
  3254 | D:4      | HP: 2/47 [poisoned by a worker ant]
  3516 | D:4      | Slain by a gnoll

Vault maps used:
D:1:      minmay_arrival_checkered_box, minivault_4
D:2:      kennysheep_vampire_church, chequers_ecumenical_altar_island
D:3:      lemuel_round_altar, nicolae_overflow_hidden_temple,
          hellmonk_ghost_happy_afterlife, first_ration
D:4:      cheibrodos_thug_alley, uniq_menkaure, uniq_crazy_yiuf_cottage,
          uniq_sigmund

Skill      XL: |  1  2  3  4  5  6 |
---------------+-------------------+-----
Long Blades    | 4 5 6 |  6.1
Fighting       | 3 |  3.1
Dodging        | 5 |  5.9
Throwing       | |  2.0

Action                   |  1- 3 |  4- 6 || total
-------------------------+-------+-------++-------
Melee: Long sword        |    70 |   170 ||   240
       Tailslap          |       |     2 ||     2
Throw: Tomahawk          |       |     7 ||     7
  Use: Potion            |       |     1 ||     1
 Stab: Sleeping          |     3 |     2 ||     5
       Distracted        |     1 |       ||     1
  Eat: Chunk             |     1 |     7 ||     8
Armor: Leather armour    |    23 |    29 ||    52
Dodge: Dodged            |    71 |   117 ||   188
       Rpst.: Long sword |    21 |    33 ||    54

Table legend:
 A = Spawn XP
 B = Non-spawn XP
 C = Spawn XP percentage of total XP
 D = Spawn monster count
 E = Non-spawn monster count
 F = Spawn count percentage of total count
 G = Total turns spent on level
                    A         B        C        D         E        F      G
               +---------+---------+-------+---------+---------+-------+---------
         Total |       0 |     408 |   0.0 |       0 |      81 |   0.0 |  3516
               +---------+---------+-------+---------+---------+-------+---------
           D:1 |       0 |      41 |   0.0 |       0 |      20 |   0.0 |  1028
           D:2 |       0 |     132 |   0.0 |       0 |      27 |   0.0 |  1041
           D:3 |       0 |     121 |   0.0 |       0 |      27 |   0.0 |  1362
           D:4 |       0 |     114 |   0.0 |       0 |       7 |   0.0 |    85
               +---------+---------+-------+---------+---------+-------+---------
